| TOP OF THE 1ST |
|
Roswell Invaders batting - Pitching for Oakland Oaks : LHP Ethan Galati
|
|
Pitching: LHP Ethan Galati
|
|
|
Batting: RHB Drew Sigona
|
0-0: Ball 1-0: Ball 2-0: Called Strike 2-1: Foul Ball, location: 2F 2-2: SINGLE (Flyball, 4D, EV 90.6 MPH)
|
|
Batting: RHB Shing Mah
|
0-0: Ball 1-0: Fly out, F5 (Popup, 5SF, EV 71.2 MPH)
|
|
Batting: LHB Ivan Cortez
|
0-0: Called Strike 0-1: Ball 1-1: Foul Ball, location: 2F 1-2: Fly out, F8 (Flyball, 8RD, EV 98.8 MPH)
|
|
Batting: LHB Angelo Lira
|
0-0: Ball 1-0: Foul Ball, location: 2F 1-1: Called Strike 1-2: SINGLE (Groundball, 4M, EV 108.1 MPH) Drew Sigona to second Runner from 2nd tries for 3rd, SAFE, throw by CF made to third
|
|
Batting: LHB Julio Zamora
|
0-0: Called Strike 0-1: Ball 1-1: Ball 2-1: Fielders Choice at 2nd, 6-4 (Groundball, 6, EV 81.9 MPH)
|
| Top of the 1st over - 0 runs, 2 hits, 0 errors, 2 left on base; Roswell 0 - Oakland 0 |
| BOTTOM OF THE 1ST |
|
Oakland Oaks batting - Pitching for Roswell Invaders : RHP Joe Mulholland
|
|
Pitching: RHP Joe Mulholland
|
|
|
Batting: LHB Justin LeFlore
|
0-0: Called Strike 0-1: Foul Ball, location: 2F 0-2: Ball 1-2: Ball 2-2: Strikes out swinging
|
|
Batting: SHB Steve McGee
|
0-0: Called Strike 0-1: Foul Ball, location: 2F 0-2: Ball 1-2: Ground out 1-3 (Groundball, P, EV 73.1 MPH)
|
|
Batting: RHB Shi-xian Da
|
0-0: Ball 1-0: Called Strike 1-1: Ball 2-1: Foul Ball, location: 2F 2-2: Ball 3-2: Strikes out looking
|
| Bottom of the 1st over - 0 runs, 0 hits, 0 errors, 0 left on base; Roswell 0 - Oakland 0 |
| TOP OF THE 2ND |
|
Roswell Invaders batting - Pitching for Oakland Oaks : LHP Ethan Galati
|
|
Batting: RHB Jason Hanson
|
0-0: Ball 1-0: Called Strike 1-1: Foul Ball, location: 2F 1-2: Ground out 4-3 (Groundball, 4D, EV 85.6 MPH)
|
|
Batting: LHB Adam Spence
|
0-0: Ball 1-0: Foul Ball, location: 2F 1-1: SOLO HOME RUN (Flyball, 9LD, EV 93.1 MPH), Distance : 342 ft
|
|
Batting: RHB Shinichi Miyamoto
|
0-0: Called Strike 0-1: SINGLE (Line Drive, 78S, EV 91.9 MPH)
|
|
Batting: SHB Sandy Burke
|
0-0: Called Strike 0-1: Foul Ball, location: 2F 0-2: Strikes out swinging
|
|
Batting: RHB Drew Sigona
|
0-0: Called Strike 0-1: SINGLE (Line Drive, 34D, EV 96.2 MPH) Shinichi Miyamoto to second
|
|
Batting: RHB Shing Mah
|
0-0: Foul Ball, location: 2F 0-1: Ball 1-1: Swinging Strike 1-2: Fielders Choice at 2nd, 5-4 (Groundball, 56, EV 89.4 MPH)
|
| Top of the 2nd over - 1 run, 3 hits, 0 errors, 2 left on base; Roswell 1 - Oakland 0 |
| BOTTOM OF THE 2ND |
|
Oakland Oaks batting - Pitching for Roswell Invaders : RHP Joe Mulholland
|
|
Batting: SHB Chris King
|
0-0: Ball 1-0: Fly out, F7 (Flyball, 7LS, EV 88.1 MPH)
|
|
Batting: LHB Ben Landry
|
0-0: Called Strike 0-1: Foul Ball, location: 2F 0-2: Strikes out looking
|
|
Batting: LHB Bryan Hodensack
|
0-0: Foul Ball, location: 2F 0-1: Foul Ball, location: 2F 0-2: Ball 1-2: Ball 2-2: Strikes out swinging
|
| Bottom of the 2nd over - 0 runs, 0 hits, 0 errors, 0 left on base; Roswell 1 - Oakland 0 |
| TOP OF THE 3RD |
|
Roswell Invaders batting - Pitching for Oakland Oaks : LHP Ethan Galati
|
|
Batting: LHB Ivan Cortez
|
0-0: Ball 1-0: Swinging Strike 1-1: Called Strike 1-2: SINGLE (Flyball, 6D, EV 88.8 MPH)
|
|
Batting: LHB Angelo Lira
|
0-0: Ball 1-0: Ball 2-0: SINGLE (Line Drive, 89S, EV 94.4 MPH) Ivan Cortez to second Runner from 2nd tries for 3rd, SAFE, throw by RF made to third
|
|
Batting: LHB Julio Zamora
|
0-0: Ball 1-0: Ball 2-0: Ball 3-0: Called Strike 3-1: Fly out, F7 (Flyball, 7, EV 82.5 MPH) Runner from 3rd tags up, SCORES, throw by LF
|
|
Batting: RHB Jason Hanson
|
0-0: Ball 1-0: Foul Ball, location: 2F 1-1: Called Strike 1-2: Strikes out swinging
|
|
Batting: LHB Adam Spence
|
0-0: Called Strike 0-1: Ball 1-1: Ball Pickoff Throw to First - Out! 1-3
|
| Top of the 3rd over - 1 run, 2 hits, 0 errors, 0 left on base; Roswell 2 - Oakland 0 |
| BOTTOM OF THE 3RD |
|
Oakland Oaks batting - Pitching for Roswell Invaders : RHP Joe Mulholland
|
|
Batting: RHB Matt Nehman
|
0-0: Called Strike 0-1: Foul Ball, location: 2F 0-2: Strikes out swinging
|
|
Batting: RHB Mario Medina
|
0-0: Called Strike 0-1: Ball 1-1: Ball 2-1: Swinging Strike 2-2: Ball 3-2: Strikes out swinging
|
|
Batting: RHB Ricky Ulloa
|
0-0: Called Strike 0-1: SINGLE (Groundball, 3D, EV 96.2 MPH)
|
|
Batting: LHB Justin LeFlore
|
0-0: Foul Ball, location: 2F 0-1: Swinging Strike 0-2: Ball 1-2: Fly out, F9 (Flyball, 9LD, EV 95.0 MPH)
|
| Bottom of the 3rd over - 0 runs, 1 hit, 0 errors, 1 left on base; Roswell 2 - Oakland 0 |
| TOP OF THE 4TH |
|
Roswell Invaders batting - Pitching for Oakland Oaks : LHP Ethan Galati
|
|
Batting: LHB Adam Spence
|
0-0: Ground out U3 (Groundball, 3, EV 103.1 MPH)
|
|
Batting: RHB Shinichi Miyamoto
|
0-0: Ground out 5-3 (Groundball, 56S, EV 62.5 MPH)
|
|
Batting: SHB Sandy Burke
|
0-0: Ball 1-0: Foul Ball, location: 2F 1-1: Called Strike 1-2: SINGLE (Flyball, 3D, EV 92.5 MPH)
|
|
Batting: RHB Drew Sigona
|
0-0: Called Strike 0-1: Foul Ball, location: 2F 0-2: Fly out, F3 (Popup, 3, EV 78.8 MPH)
|
| Top of the 4th over - 0 runs, 1 hit, 0 errors, 1 left on base; Roswell 2 - Oakland 0 |
| BOTTOM OF THE 4TH |
|
Oakland Oaks batting - Pitching for Roswell Invaders : RHP Joe Mulholland
|
|
Batting: SHB Steve McGee
|
0-0: Ball 1-0: Called Strike 1-1: Called Strike 1-2: Foul Ball, location: 2F 1-2: Strikes out looking
|
|
Batting: RHB Shi-xian Da
|
0-0: Foul Ball, location: 2F 0-1: Ball 1-1: Ball 2-1: SINGLE (Groundball, 4MD, EV 94.4 MPH)
|
|
Batting: SHB Chris King
|
0-0: Ball 1-0: Called Strike 1-1: Ball 2-1: Swinging Strike 2-2: Foul Ball, location: 2F 2-2: Strikes out swinging
|
|
Batting: LHB Ben Landry
|
0-0: Called Strike 0-1: Ball 1-1: Ground out 2-3 (Groundball, 13S, EV 65.0 MPH)
|
| Bottom of the 4th over - 0 runs, 1 hit, 0 errors, 1 left on base; Roswell 2 - Oakland 0 |
| TOP OF THE 5TH |
|
Roswell Invaders batting - Pitching for Oakland Oaks : LHP Ethan Galati
|
|
Batting: RHB Shing Mah
|
0-0: Ball 1-0: Called Strike 1-1: Ground out U3 (Groundball, 34, EV 96.2 MPH)
|
|
Batting: LHB Ivan Cortez
|
0-0: Ball 1-0: Foul Ball, location: 2F 1-1: Ball 2-1: Ground out U3 (Groundball, 3, EV 86.9 MPH)
|
|
Batting: LHB Angelo Lira
|
0-0: Ball 1-0: Called Strike 1-1: Ball 2-1: Swinging Strike 2-2: Ball 3-2: Base on Balls
|
|
Batting: LHB Julio Zamora
|
0-0: Called Strike 0-1: Swinging Strike 0-2: Strikes out swinging
|
| Top of the 5th over - 0 runs, 0 hits, 0 errors, 1 left on base; Roswell 2 - Oakland 0 |
| BOTTOM OF THE 5TH |
|
Oakland Oaks batting - Pitching for Roswell Invaders : RHP Joe Mulholland
|
|
Batting: LHB Bryan Hodensack
|
0-0: Ball 1-0: Foul Ball, location: 2F 1-1: Foul Ball, location: 2F 1-2: Ball 2-2: Foul Ball, location: 2F 2-2: Strikes out swinging
|
|
Batting: RHB Matt Nehman
|
0-0: Swinging Strike 0-1: Ball 1-1: Foul Ball, location: 2F 1-2: Foul Ball, location: 2F 1-2: Ball 2-2: Strikes out swinging
|
|
Batting: RHB Mario Medina
|
0-0: Ball 1-0: Called Strike 1-1: Ground out 5-3 (Groundball, 5, EV 101.9 MPH)
|
| Bottom of the 5th over - 0 runs, 0 hits, 0 errors, 0 left on base; Roswell 2 - Oakland 0 |
| TOP OF THE 6TH |
|
Roswell Invaders batting - Pitching for Oakland Oaks : LHP Ethan Galati
|
|
Batting: RHB Jason Hanson
|
0-0: SINGLE (Line Drive, 7S, EV 94.4 MPH)
|
|
Batting: LHB Adam Spence
|
0-0: Ball 1-0: Ball Wild Pitch! Jason Hanson to second 2-0: Swinging Strike 2-1: Foul Ball, location: 2F 2-2: 2-RUN HOME RUN (Flyball, 89XD, EV 112.5 MPH), Distance : 444 ft
|
|
Batting: RHB Shinichi Miyamoto
|
0-0: Ball 1-0: Ball 2-0: Ground out 6-3 (Groundball, 6, EV 101.9 MPH)
|
|
Batting: SHB Sandy Burke
|
0-0: SOLO HOME RUN (Flyball, 78XD, EV 116.2 MPH), Distance : 441 ft
|
|
Batting: RHB Drew Sigona
|
0-0: Called Strike 0-1: Fly out, F8 (Line Drive, 8RD, EV 98.8 MPH)
|
|
Batting: RHB Shing Mah
|
0-0: Ball 1-0: Ball 2-0: Foul Ball, location: 2F 2-1: Fly out, F6 (Popup, 6M, EV 52.5 MPH)
|
| Top of the 6th over - 3 runs, 3 hits, 0 errors, 0 left on base; Roswell 5 - Oakland 0 |
| BOTTOM OF THE 6TH |
|
Oakland Oaks batting - Pitching for Roswell Invaders : RHP Joe Mulholland
|
|
Batting: RHB Ricky Ulloa
|
0-0: Ball 1-0: Ball 2-0: Ball 3-0: Called Strike 3-1: Called Strike 3-2: Base on Balls
|
|
Batting: LHB Justin LeFlore
|
0-0: Swinging Strike 0-1: Foul Ball, location: 2F 0-2: Ball 1-2: Foul Ball, location: 2F 1-2: Ball 2-2: Fly out, F9 (Line Drive, 9, EV 98.8 MPH)
|
|
Batting: SHB Steve McGee
|
0-0: Called Strike 0-1: Ball 1-1: Ball 2-1: Ball 3-1: Base on Balls Ricky Ulloa to second
|
|
Batting: RHB Shi-xian Da
|
0-0: Ball 1-0: DOUBLE (Groundball, 5L, EV 108.8 MPH) Ricky Ulloa scores Steve McGee to third
|
|
Batting: SHB Chris King
|
0-0: Foul Ball, location: 2F 0-1: Foul Ball, location: 2F 0-2: Strikes out looking
|
|
Batting: LHB Ben Landry
|
0-0: Ball 1-0: Swinging Strike 1-1: Swinging Strike 1-2: Ball 2-2: Strikes out swinging
|
| Bottom of the 6th over - 1 run, 1 hit, 0 errors, 2 left on base; Roswell 5 - Oakland 1 |
| TOP OF THE 7TH |
|
Roswell Invaders batting - Pitching for Oakland Oaks : LHP Ethan Galati
|
|
Batting: LHB Ivan Cortez
|
0-0: Ball 1-0: Fly out, F9 (Flyball, 9LS, EV 93.8 MPH)
|
|
Batting: LHB Angelo Lira
|
0-0: Ground out U3 (Groundball, 34, EV 95.0 MPH)
|
|
Batting: LHB Julio Zamora
|
0-0: Ground out 4-3 (Groundball, 4, EV 102.5 MPH)
|
| Top of the 7th over - 0 runs, 0 hits, 0 errors, 0 left on base; Roswell 5 - Oakland 1 |
| BOTTOM OF THE 7TH |
|
Oakland Oaks batting - Pitching for Roswell Invaders : RHP Joe Mulholland
|
|
Batting: LHB Bryan Hodensack
|
0-0: Foul Ball, location: 2F 0-1: Reached on error, E3 (Groundball, 34, EV 83.1 MPH)
|
|
Batting: RHB Matt Nehman
|
0-0: Called Strike 0-1: Foul Ball, location: 2F 0-2: Ball 1-2: Ball 2-2: Ball 3-2: Foul Ball, location: 2F 3-2: Fly out, F7 (Line Drive, 7LS, EV 92.5 MPH)
|
|
Batting: RHB Mario Medina
|
0-0: Ball 1-0: Called Strike 1-1: Called Strike 1-2: Strikes out swinging
|
|
Batting: RHB Ricky Ulloa
|
0-0: Ball 1-0: Called Strike 1-1: Foul Ball, location: 2F 1-2: Foul Ball, location: 2F 1-2: Foul Ball, location: 2F 1-2: Ball Bryan Hodensack is caught stealing 2nd base 2-4
|
| Bottom of the 7th over - 0 runs, 0 hits, 1 error, 0 left on base; Roswell 5 - Oakland 1 |
| TOP OF THE 8TH |
|
Roswell Invaders batting - Pitching for Oakland Oaks : LHP Ethan Galati
|
|
Batting: RHB Jason Hanson
|
0-0: Ball 1-0: Ball 2-0: Ball 3-0: Base on Balls
|
|
Batting: LHB Adam Spence
|
0-0: Fielders Choice at 2nd, U6 (Groundball, 4MD, EV 109.4 MPH)
|
|
Pitching: RHP Santiago Gonzalez
|
|
|
Batting: RHB Shinichi Miyamoto
|
0-0: Ball Wild Pitch! Adam Spence to second 1-0: Ball 2-0: Swinging Strike 2-1: Ball 3-1: SINGLE (Line Drive, 6D, EV 98.1 MPH) Adam Spence to third
|
|
Batting: SHB Sandy Burke
|
0-0: Called Strike 0-1: Ball 1-1: Called Strike 1-2: Strikes out looking
|
|
Batting: RHB Drew Sigona
|
0-0: Fielders Choice at 2nd, U6 (Groundball, 6M, EV 90.0 MPH)
|
| Top of the 8th over - 0 runs, 1 hit, 0 errors, 2 left on base; Roswell 5 - Oakland 1 |
| BOTTOM OF THE 8TH |
|
Oakland Oaks batting - Pitching for Roswell Invaders : RHP Joe Mulholland
|
|
Pitching: RHP Sergio Reyes
|
|
|
Pinch Hitting: LHB Diego Vega
|
0-0: Called Strike 0-1: Ball 1-1: Ball 2-1: Ball 3-1: Base on Balls
|
|
Batting: LHB Justin LeFlore
|
0-0: Reached on error, E4 (Groundball, 4, EV 102.5 MPH) Diego Vega to second
|
|
Batting: SHB Steve McGee
|
0-0: Swinging Strike 0-1: Ball 1-1: Swinging Strike 1-2: Strikes out swinging
|
|
Batting: RHB Shi-xian Da
|
0-0: Called Strike 0-1: Ball 1-1: Ball 2-1: Fly out, F8 (Flyball, 8LXD, EV 90.0 MPH) Runner from 2nd tags up, SAFE at 3rd, no throw by CF
|
|
Batting: SHB Chris King
|
0-0: Foul Ball, location: 2F 0-1: Ball 1-1: Reached on error, E4 (Groundball, 4, EV 80.0 MPH) Diego Vega scores Justin LeFlore to second
|
|
Batting: LHB Ben Landry
|
0-0: Swinging Strike 0-1: Foul Ball, location: 2F 0-2: Ball 1-2: Ball 2-2: Foul Ball, location: 2F 2-2: Foul Ball, location: 2F 2-2: Strikes out swinging
|
| Bottom of the 8th over - 1 run, 0 hits, 2 errors, 2 left on base; Roswell 5 - Oakland 2 |
| TOP OF THE 9TH |
|
Roswell Invaders batting - Pitching for Oakland Oaks : RHP Santiago Gonzalez
|
|
Now at 2B: Edwin Nunez
|
|
|
Batting: RHB Shing Mah
|
0-0: Called Strike 0-1: Ball 1-1: Foul Ball, location: 2F 1-2: SINGLE (Line Drive, 8RS, EV 106.2 MPH)
|
|
Batting: LHB Ivan Cortez
|
0-0: Ball 1-0: Called Strike 1-1: Ball 2-1: Foul Ball, location: 2F 2-2: Foul Ball, location: 2F 2-2: Ball Passed Ball! Shing Mah to second 3-2: Intentional Walk
|
|
Batting: LHB Angelo Lira
|
0-0: Called Strike 0-1: Ball 1-1: Ball 2-1: Swinging Strike 2-2: Strikes out looking
|
|
Batting: LHB Julio Zamora
|
0-0: Ball 1-0: Foul Ball, location: 2F 1-1: Ball 2-1: Called Strike 2-2: Strikes out looking
|
|
Pinch Hitting: LHB Falco van Koeveringe
|
0-0: Ball 1-0: Foul Ball, location: 2F 1-1: Ball 2-1: Ball 3-1: Called Strike 3-2: Base on Balls Shing Mah to third Ivan Cortez to second
|
|
Batting: LHB Adam Spence
|
0-0: Ball 1-0: Ball 2-0: Called Strike 2-1: Ball 3-1: Swinging Strike 3-2: Strikes out looking
|
| Top of the 9th over - 0 runs, 1 hit, 0 errors, 3 left on base; Roswell 5 - Oakland 2 |
| BOTTOM OF THE 9TH |
|
Oakland Oaks batting - Pitching for Roswell Invaders : RHP Sergio Reyes
|
|
Pitching: LHP Sam Davis
|
|
|
Now at 1B: Cullen Kelley
|
|
|
Pinch Hitting: RHB Edgardo Rivera
|
0-0: Fly out, F7 (Flyball, 7, EV 83.8 MPH)
|
|
Pinch Hitting: RHB Moises Guzman
|
0-0: Ball 1-0: Foul Ball, location: 2F 1-1: Called Strike 1-2: Strikes out swinging
|
|
Pinch Hitting: RHB Colin Edwards
|
0-0: Foul Ball, location: 2F 0-1: Called Strike 0-2: Ball 1-2: Strikes out swinging
|
| Bottom of the 9th over - 0 runs, 0 hits, 0 errors, 0 left on base; Roswell 5 - Oakland 2 |
|